 Dungeon Crawl Stone Soup version 0.29.1-2-gbd0b4ee654 (webtiles) character file.

Game seed: 15487945437483583115

487 KittyFluff the Cudgeller (level 7, -5/44 HPs)
             Began as a Gargoyle Berserker on Oct 26, 2022.
             Was a Priest of Trog.
             Killed from afar by an orc wizard (8 damage)
             ... with a puff of flame
             ... on level 5 of the Dungeon.
             The game lasted 00:17:50 (4551 turns).

KittyFluff the Cudgeller (Gargoyle Berserker)       Turns: 4551, Time: 00:17:50

Health: -5/44      AC:  8    Str: 21    XL:     7   Next: 13%
Magic:  7/7        EV: 12    Int: 13    God:    Trog [***...]
Gold:   220        SH:  0    Dex: 11    Spells: 6/6 levels left

rFire   . . .      SeeInvis .   b - +2 flail (vorpal)
rCold   . . .      Faith    .   (no shield)
rNeg    + . .      Spirit   .   p - +0 robe
rPois   ∞          Reflect  .   (no helmet)
rElec   +          Harm     .   (no cloak)
rCorr   .          Rampage  .   (no gloves)
Will    .....                   w - +0 pair of boots
Stlth   +.........              C - amulet of regeneration
HPRegen 0.94/turn               n - +6 ring of intelligence
MPRegen 0.10/turn               (no ring)

@: confused
A: sickness immunity, AC +4, negative energy resistance 1, electricity
resistance, torment resistance 1, petrification resistance
a: Renounce Religion, Berserk, Trog's Hand


You were on level 5 of the Dungeon.
You worshipped Trog.
Trog was most pleased with you.
You visited 1 branch of the dungeon, and saw 5 of its levels.

You collected 220 gold pieces.

Inventory:

Hand Weapons
 a - a +0 mace
 b - a +2 vorpal flail (weapon)
 r - a +0 sling
 x - a +0 mace of draining
Missiles
 c - 5 poisoned darts (quivered)
 f - 5 boomerangs of dispersal
Armour
 j - a +0 leather armour
 p - a +0 robe (worn)
 w - a +0 pair of boots (worn)
 B - an orb of light
Jewellery
 n - a +6 ring of intelligence (left hand)
 C - an amulet of regeneration (around neck)
Scrolls
 h - a scroll of torment {unknown}
 i - a scroll of immolation {unknown}
 m - a scroll of amnesia {unknown}
 o - 3 scrolls of magic mapping {unknown}
 q - a scroll of fear {unknown}
 s - a scroll of butterflies {unknown}
 t - 2 scrolls of silence {unknown}
 u - a scroll of teleportation {unknown}
 v - a scroll of vulnerability {unknown}
 y - a scroll of brand weapon {unknown}
 A - a scroll of identify
 D - a scroll of enchant armour {unknown}
Potions
 d - 2 potions of curing
 e - 3 potions of haste
 g - a potion of attraction
 k - a potion of heal wounds
 l - a potion of flight {unknown}
 z - a potion of ambrosia {unknown}


   Skills:
 + Level 4.7 Fighting
 + Level 5.6 Maces & Flails
 * Level 3.2 Armour
 + Level 3.1 Dodging
 + Level 2.0 Stealth


You had 6 spell levels left.
You didn't know any spells.
Your spell library was empty.

Dungeon Overview and Level Annotations

Branches:
Dungeon (5/15)
 Temple: D:4-7

Altars:
Kikubaaqudgha
Okawaru
Vehumet
Yredelemnul

Annotations:
D:4 2 transporters


Innate Abilities, Weirdness & Mutations

You are immune to sickness and miasma.
Your stone body is resilient. (AC +4)
You are immune to poison.
You resist negative energy. (rN+)
You are resistant to electric shocks. (rElec)
You are resistant to unholy torment.
You are immune to petrification.


Message History

Something hits you but does no damage. The orc priest barely misses you.
The orc priest hits you with a +0 vorpal hand axe.
* * * LOW HITPOINT WARNING * * *
x2 You hit the orc priest.
The orc priest is moderately wounded.
Something completely misses you.
The orc priest hits you but does no damage.
The orc priest closely misses you.
You hit the orc priest but do no damage.
The orc priest is moderately wounded.
The orc priest mumbles some strange prayers to Beogh against you.
Pain shoots through your body!
* * * LOW HITPOINT WARNING * * *
You hear some strange, mumbled words.
A magic dart appears from out of thin air!
The magic dart hits you but does no damage.
The orc priest hits you but does no damage.
You barely miss the orc priest.
The orc priest is moderately wounded.
The orc priest hits you but does no damage.
You hear some strange, mumbled words.
You are confused.
The orc priest closely misses you.
You bump into the rock wall.
Something hits you but does no damage.
The orc priest hits you with a +0 hand axe.
* * * LOW HITPOINT WARNING * * *
The orc priest hits you with a +0 vorpal hand axe.
* * * LOW HITPOINT WARNING * * *
x2 You hit the orc priest but do no damage.
The orc priest is moderately wounded.
The orc priest misses you.
You hear some strange, mumbled words.
Something tries to affect you, but you resist.
The orc priest closely misses you.
You bump into the rock wall.
The orc priest hits you but does no damage.
You hear some strange, mumbled words.
A puff of flame appears from out of thin air!
The puff of flame hits you!
You die...

#. #. #o #.## #.(###
######...# #
#........## #
########...[.....# #
#.....@o.....††#.# #
##...o.{.......#.######
#############........#
###..###.. ##...#...
##........ #.........
#......... #.........


You could see 2 orc priests.

Vanquished Creatures
  An ice beast (D:5)
  A necrophage (D:4)
  A scorpion (D:5)
  An orc priest (D:4)
  An iguana (D:5)
  A scorpion zombie (D:3)
  An orc wizard (D:4)
  A hound zombie (D:3)
  8 adders
  A white imp (D:5)
  2 dart slugs
  13 orcs
  5 endoplasms
  4 giant cockroaches
  4 goblins
  3 hobgoblins
  5 jackals
  8 kobolds
  2 quokkas (D:1)
  7 ball pythons
  A ball python zombie (D:3)
  3 bats
  A jackal zombie (D:3)
  6 rats
  A spectral goblin (D:3)
82 creatures vanquished.

Vanquished Creatures (others)
  A human (D:5)
1 creature vanquished.

Grand Total: 83 creatures vanquished

Notes
Turn   | Place    | Note
-------+----------+-------------------------------------------
     0 | D:1      | KittyFluff the Gargoyle Berserker began the quest for the
                  | Orb.
     0 | D:1      | Reached XP level 1. HP: 14/14 MP: 1/1
   410 | D:1      | Reached XP level 2. HP: 7/19 MP: 2/2
  1608 | D:2      | Reached XP level 3. HP: 20/23 MP: 3/3
  1836 | D:2      | Reached ** piety under Trog
  2211 | D:3      | Found an iron altar of Okawaru.
  2226 | D:3      | Reached skill level 1 in Stealth
  2391 | D:3      | Reached XP level 4. HP: 29/29 MP: 4/4
  2410 | D:3      | Found a faded altar of an unknown god.
  2821 | D:3      | Found a basalt altar of Yredelemnul.
  2833 | D:3      | Reached skill level 4 in Maces & Flails
  2849 | D:3      | Reached XP level 5. HP: 31/33 MP: 5/5
  3084 | D:4      | Found a transporter.
  3138 | D:4      | Found a transporter.
  4163 | D:4      | Reached skill level 5 in Maces & Flails
  4163 | D:4      | Reached XP level 6. HP: 31/39 MP: 6/6
  4284 | D:5      | Entered Level 5 of the Dungeon
  4335 | D:5      | Found a radiant altar of Vehumet.
  4339 | D:5      | Found an ancient bone altar of Kikubaaqudgha.
  4344 | D:5      | Noticed a human
  4359 | D:5      | Killed a human
  4428 | D:5      | Noticed an ice beast
  4437 | D:5      | Killed an ice beast
  4522 | D:5      | Reached *** piety under Trog
  4523 | D:5      | Reached XP level 7. HP: 44/44 MP: 7/7
  4549 | D:5      | HP: 2/44 [orc priest/+0 vorpal hand axe (5)]
  4551 | D:5      | Killed from afar by an orc wizard

Illustrated notes

Levels and vault maps discovered:
D:1:      scummos_arrival_forest, layout_basic
D:2:      layout_loops_cross
D:3:      layout_loops_ring, lemuel_crystal_altar,
          nicolae_yredelemnul_corpse_copse,
          dreamdust_ecumenical_altar_drowned_temple
D:4:      gammafunk_steamed_eel, layout_basic, serial_shops,
          nicolae_lakefront_shop, item_on_display_a
D:5:      layout_rooms, tgw_kikubaaqudgha, fiery_altar_vehumet,
          lemuel_round_altar, enter_ossuary_3, hangedman_decor_slide_cut,
          nicolae_shop_vocational

Skill      XL: |  1  2  3  4  5  6  7 |
---------------+----------------------+-----
Dodging        | 2 3 |  3.1
Stealth        | 1 2 |  2.0
Maces & Flails | 4 5 |  5.6
Fighting       | 4 |  4.7
Armour         | 3 |  3.2

Action                   |  1- 3 |  4- 6 |  7- 9 || total
-------------------------+-------+-------+-------++-------
Melee: Mace              |   103 |   127 |       ||   230
       Punch             |       |     2 |       ||     2
       Flail             |       |    41 |    10 ||    51
Invok: Berserk           |       |     1 |       ||     1
  Use: Scroll            |     5 |     1 |       ||     6
 Stab: Sleeping          |     2 |       |       ||     2
Armor: Animal skin       |    46 |       |       ||    46
       Robe              |     1 |    72 |    11 ||    84
Dodge: Dodged            |    98 |   108 |    10 ||   216
